AoeStats
← rbn.badri

Arabia

509567984Analyzed
1v1 RM · 5d ago on Sep 27, 2026· 32m 14s· 2 players
Game mode
Random Map
Map size
Tiny (2 player)
Population
200
Speed
Normal
Resources
Standard
Victory
Conquest
Starting age
Dark Age
Ending age
Imperial Age
RankedLock teamsTeams togetherTeam positionsShared explorationLock speedFull tech treeHidden civsTurbo modeCheats
Victory
Defeat
🇨🇳 Goths · China
1122
+18
🇮🇳 Inca · India
1172
-18
Zoey
0:50 Loom
11:18 Feudal Age
11:29 Man-at-Arms
15:44 Fletching
16:01 Double-Bit Axe
20:02 Horse Collar
21:56 Wheelbarrow
26:10 Castle Age
26:27 Scale Barding Armor
rbn.badri
6:53 Loom
10:18 Feudal Age
10:26 Champi Runner
10:50 Horse Collar
10:55 Double-Bit Axe
19:44 Fletching
20:34 Padded Archer Armor
30:37 Castle Age
29:34 Scale Mail Armor
29:45 Forging
30:39 Champi Warrior
31:36 Chain Mail Armor
Connection lost

Rejoining the realm…

Still unreachable

The connection could not be restored.

Session expired

The server has moved on; the page needs a fresh start.